 Dungeon Crawl Stone Soup version 0.22.0-40-g68aacdc (webtiles) character file.

268 jerryfan the Skirmisher (level 6, -4/47 HPs)
             Began as a Demonspawn Fighter on Sept 2, 2018.
             Was an Initiate of Okawaru.
             Killed from afar by Dowan (12 damage)
             ... with a shard of ice
             ... on level 4 of the Dungeon.
             The game lasted 00:10:41 (2567 turns).

jerryfan the Skirmisher (Demonspawn Fighter)        Turns: 2567, Time: 00:10:42

Health: -4/47      AC: 12    Str: 22 (23) XL:     6   Next: 0%
Magic:  6/6        EV:  8    Int:  9 (10) God:    Okawaru [......]
Gold:   169        SH:  9    Dex: 11 (12) Spells: 5/5 levels left

rFire    . . .     SeeInvis .   a - +0 war axe
rCold    . . .     Gourm    .   c - +0 shield
rNeg     . . .     Faith    .   b - +0 scale mail
rPois    +         Spirit   .   j - +2 helmet
rElec    .         Reflect  .   (no cloak)
rCorr    .         Harm     .   (no gloves)
MR       .....                  s - +1 pair of boots
Stlth    ++........             (no amulet)
HPRegen  0.15/turn              m - ring of poison resistance
MPRegen  0.10/turn              (no ring)

@: mighty
A: claws 2, nightstalker 2
a: Renounce Religion


You were on level 4 of the Dungeon.
You worshipped Okawaru.
Okawaru was noncommittal.
You were hungry.

You visited 1 branch of the dungeon, and saw 4 of its levels.

You collected 169 gold pieces.

Inventory:

Hand Weapons
 a - a +0 war axe (weapon)
Missiles
 i - 17 poisoned needles
Armour
 b - a +0 scale mail (worn)
 c - a +0 shield (worn)
 j - a +2 helmet (worn)
 s - a +1 pair of boots (worn)
Jewellery
 m - a ring of poison resistance (left claw)
Wands
 r - a wand of polymorph (21)
Scrolls
 e - 3 scrolls of identify
 g - a scroll of blinking
 k - a scroll of immolation
 l - 3 scrolls of teleportation
 o - a scroll of remove curse
 p - 2 scrolls of magic mapping
Potions
 d - a potion of might
 h - a potion of magic
 n - a potion of berserk rage
 q - a potion of invisibility
Comestibles
 f - 8 rations


   Skills:
 + Level 3.6 Fighting
 * Level 3.4 Axes
 + Level 1.7 Throwing
 + Level 3.3 Armour
 + Level 1.7 Dodging
 + Level 3.3 Shields


You had 5 spell levels left.
You didn't know any spells.
Your spell library was empty.

Dungeon Overview and Level Annotations

Branches:
Dungeon (4/15)             Temple (0/1) D:4

Altars:
Okawaru
Qazlal
Sif Muna

Annotations:
D:4 Dowan


Innate Abilities, Weirdness & Mutations

You have very sharp fingernails.
You are significantly more attuned to the shadows.


Message History

You closely miss Dowan.
Dowan is severely wounded.
Dowan gestures wildly while chanting.
Dowan blinks!
Dowan mumbles some strange words.
Dowan blinks!
Dowan points at you and mumbles some strange words.
The stone arrow hits you!
* * * LOW HITPOINT WARNING * * *
You closely miss Dowan.
Dowan is severely wounded.
Dowan barely misses you. Dowan gestures at you while chanting.
You block the stone arrow.
You barely miss Dowan.
Dowan is severely wounded.
You block Dowan's attack. Dowan casts a spell at you.
The shard of ice hits you!
You die...

## ######
..####....#
..........#
...........#
...≈....≈...#
#.....e@...## ##
##....≈≈....# .#
##.....≈≈....# .#
#........)...# .#
#....≈....≈...#
##
#.............#
#....§........#
###.............#
#
#.............##


You could see Dowan.

Vanquished Creatures
  Duvessa (D:4)
  2 hounds
  A hound skeleton (D:4)
  2 adders (D:3)
  A worm (D:3)
  A dart slug (D:3)
  3 leopard geckos (D:3)
  2 orcs (D:4)
  A ball python (D:3)
  4 giant cockroaches
  7 goblins
  6 hobgoblins
  7 jackals (D:1)
  2 quokkas (D:3)
  7 bats
  4 frilled lizards
  3 kobolds
  6 rats
60 creatures vanquished.

Notes
Turn   | Place    | Note
-------+----------+-------------------------------------------
     0 | D:1      | jerryfan the Demonspawn Fighter began the quest for the Orb.
     0 | D:1      | Reached XP level 1. HP: 18/18 MP: 1/1
   100 | D:1      | Gained mutation: You have sharp fingernails. [demonic ancestry]
   100 | D:1      | Reached XP level 2. HP: 23/24 MP: 2/2
   177 | D:1      | Found an iron altar of Okawaru.
   188 | D:1      | Became a worshipper of Warmaster Okawaru
   723 | D:2      | Gained mutation: You are slightly more attuned to the shadows. [demonic ancestry]
   723 | D:2      | Reached XP level 3. HP: 29/29 MP: 3/3
   743 | D:2      | Found a stormy altar of Qazlal.
  1393 | D:3      | Reached skill level 1 in Throwing
  1393 | D:3      | Reached skill level 1 in Dodging
  1393 | D:3      | Gained mutation: You are significantly more attuned to the shadows. [demonic ancestry]
  1393 | D:3      | Reached XP level 4. HP: 32/35 MP: 4/4
  1963 | D:3      | Found a deep blue altar of Sif Muna.
  2074 | D:4      | Reached XP level 5. HP: 34/41 MP: 5/5
  2246 | D:4      | Found a staircase to the Ecumenical Temple.
  2508 | D:4      | Noticed Duvessa
  2509 | D:4      | Noticed Dowan
  2556 | D:4      | Killed Duvessa
  2556 | D:4      | Gained mutation: You have very sharp fingernails. [demonic ancestry]
  2556 | D:4      | Reached XP level 6. HP: 12/47 MP: 6/6
  2567 | D:4      | Killed from afar by Dowan

Skill      XL: |  1  2  3  4 |
---------------+-------------+-----
Axes           | 2 3 |  3.4
Throwing       | 1 |  1.7
Armour         | 3 |  3.3
Dodging        | 1 |  1.7
Shields        | 3 |  3.3
Fighting       | |  3.6

Action                   |  1- 3 |  4- 6 || total
-------------------------+-------+-------++-------
Melee: War axe           |   107 |   101 ||   208
       Unarmed           |     1 |       ||     1
Evoke: Wand              |       |     1 ||     1
  Use: Scroll            |     7 |     5 ||    12
       Potion            |     4 |     2 ||     6
 Stab: Sleeping          |       |     1 ||     1
  Eat: Chunk             |     2 |     3 ||     5
Armor: Scale mail        |    76 |    72 ||   148
Dodge: Dodged            |    43 |    29 ||    72
Block: Shield            |    65 |    58 ||   123
